 Dungeon Crawl Stone Soup version 0.29.1-2-gbd0b4ee654 (webtiles) character file.

Game seed: 10747551322668368998

3296 pperowp the Cleaver (level 9, -1/80 (82) HPs)
             Began as a Red Draconian Gladiator on Nov 16, 2022.
             Was a Follower of Uskayaw.
             Slain by an orc warrior
             ... wielding a +0 dire flail
              (3 damage)
             ... on level 7 of the Dungeon on Nov 17, 2022.
             The game lasted 00:24:20 (9717 turns).

pperowp the Cleaver (Red Draconian Gladiator)       Turns: 9717, Time: 00:24:21

HP:   -1/80 (82)    AC:  9    Str: 17    XL:     9   Next: 70%
MP:   9/9           EV: 13    Int: 12    God:    Uskayaw [*.....]
Gold: 703           SH:  0    Dex: 13    Spells: 8/8 levels left

rFire   + . .      SeeInvis +   a - +0 war axe
rCold   . . .      Faith    .   (no shield)
rNeg    + . .      Spirit   .   (body armour unavailable)
rPois   +          Reflect  .   b - +0 hat
rElec   +          Harm     .   (no cloak)
rCorr   .          Rampage  .   w - +0 pair of gloves
Will    .....                   E - +0 pair of boots
Stlth   +.........              (no amulet)
HPRegen 0.23/turn               G - ring of Qelaiduuti {Fire rElec rPois rN+ SInv}
MPRegen 0.11/turn               k - ring of ice

@: short of breath, lightly drained
A: breathe fire, AC +7, unfitting armour, fire resistance 1, cold-blooded
a: Breathe Fire, Renounce Religion, Stomp


You were on level 7 of the Dungeon.
You worshipped Uskayaw.
Uskayaw was noncommittal.
You visited 2 branches of the dungeon, and saw 9 of its levels.
You also visited: Sewer and Ossuary.

You collected 795 gold pieces.
You spent 92 gold pieces at shops.

Inventory:

Hand Weapons
 a - a +0 war axe (weapon)
 R - a +0 battleaxe
Missiles
 c - 2 throwing nets
 d - a javelin
 g - 9 boomerangs
 H - 26 poisoned darts (quivered)
Armour
 b - a +0 hat (worn)
 f - a +2 ring mail of positive energy
 w - a +0 pair of gloves (worn)
 E - a +0 pair of boots (worn)
Magical Staves
 t - a staff of death
Jewellery
 k - a ring of ice (right hand)
 p - a ring of poison resistance
 q - a ring of magical power
 u - an amulet of faith
 A - a ring of see invisible
 G - the ring of Qelaiduuti (left hand) {Fire rElec rPois rN+ SInv}
   (You found it on level 5 of the Dungeon)

   [ring of fire]

   It enhances your fire magic.
   rF:        It protects you from fire.
   rC:        It makes you vulnerable to cold.
   rElec:     It insulates you from electricity.
   rPois:     It protects you from poison.
   rN:        It protects you from negative energy.
   SInv:      It lets you see invisible.
 K - a ring of ice
 Q - an amulet of magic regeneration
 S - a +4 ring of evasion
Wands
 z - a wand of roots (9)
 L - a wand of charming (7)
Scrolls
 h - 4 scrolls of identify
 i - a scroll of immolation
 m - 3 scrolls of teleportation
 s - 3 scrolls of blinking {unknown}
 y - a scroll of vulnerability {unknown}
 B - 2 scrolls of silence {unknown}
 I - 3 scrolls of enchant armour {unknown}
 J - a scroll of fear {unknown}
 M - 5 scrolls of amnesia
 N - 2 scrolls of poison {unknown}
 O - 2 scrolls of noise
 T - a scroll of torment {unknown}
Potions
 e - 2 potions of heal wounds
 j - 3 potions of lignification
 l - 9 potions of curing
 n - a potion of berserk rage {unknown}
 o - a potion of haste {unknown}
 r - 2 potions of mutation
 v - a potion of invisibility {unknown}
 x - a potion of might {unknown}
 C - 2 potions of flight
 D - 4 potions of brilliance
 F - a potion of ambrosia {unknown}
 P - 2 potions of magic


   Skills:
 + Level 8.6 Fighting
 * Level 11.2 Axes
 - Level 1.9 Throwing
 + Level 4.4 Dodging


You had 8 spell levels left.
You didn't know any spells.
Your spell library contained the following spells:

 Spells                   Type           Power      Damage    Failure   Level
 Necrotise                Necr           0%         1d4       32%         1
 Scorch                   Fire           0%         2d5       45%         2
 Static Discharge         Conj/Air       0%         3-3/arc   45%         2
 Gell's Gravitas          Tloc           0%         N/A       69%         3
 Lesser Beckoning         Tloc           0%         N/A       69%         3
 Portal Projectile        Hex/Tloc       0%         N/A       69%         3
 Teleport Other           Tloc           0%         N/A       69%         3
 Tukima's Dance           Hex            0%         N/A       69%         3
 Vampiric Draining        Necr           0%         2d6       69%         3
 Animate Dead             Necr           0%         N/A       97%         4
 Dispel Undead            Necr           0%         3d6       97%         4
 Flame Wave               Conj/Fire      0%         2d4       97%         4
 Sticky Flame             Conj/Fire      0%         2d3       97%         4
 Agony                    Necr           0%         N/A       100%        5
 Blade Hands              Tmut           0%         N/A       100%        5
 Borgnjor's Vile Clutch   Necr/Erth      0%         N/A       100%        5
 Death Channel            Necr           0%         N/A       100%        6
 Summon Cactus Giant      Summ           0%         N/A       100%        6


Dungeon Overview and Level Annotations

Branches:
Dungeon (8/15)             Temple (1/1) D:7           Sewer (visited)
Ossuary (visited)
   Lair: D:8-11

Altars:
Ashenzari
Cheibriados
Dithmenos
Elyvilon
Fedhas
Gozag
Hepliaklqana
Kikubaaqudgha
Makhleb
Nemelex Xobeh
Okawaru
Ru
Sif Muna
Trog
Uskayaw
Vehumet
Wu Jian
Xom
Yredelemnul
Zin
The Shining One

Shops:
D:4 [!?   D:6 **

Annotations:
Temple 2 transporters


Innate Abilities, Weirdness & Mutations

You can breathe blasts of fire.
Your fiery red scales are hard. (AC +7)
You cannot fit into any form of body armour.
Your flesh is heat resistant. (rF+)
You are cold-blooded and may be slowed by cold attacks.


Message History

An orc comes into view. It is wielding a +0 hand axe.
The wight barely misses you.
The orc shouts!
You slash the wight!
You destroy the wight!
Uskayaw will force your foes to helplessly watch your dance.
Uskayaw prepares the audience for your solo!
The orc warrior is no longer paralysed.
An orc wizard comes into view. It is wielding a +0 dagger.
The wight is no longer paralysed.
The orc is no longer paralysed.
A centaur comes into view.
The centaur wields a +0 shortbow.
The centaur shoots an arrow.
The arrow hits you!
There is a stone staircase leading up here.
There are monsters nearby!
Unknown command.
The centaur shoots an arrow.
The arrow barely misses you.
You hear a shout!
You hear a shout!
An orc comes into view. It is wielding a +0 mace.
The orc wizard shouts!
The centaur shoots an arrow.
The arrow closely misses you.
The orc warrior hits you with a +0 dire flail!
The wight hits you with a +3 morningstar!
You partially resist.
You feel drained.
* * * LOW HITPOINT WARNING * * *
You climb upwards.
There is a stone staircase leading down here.
The orc warrior attacks as you move away!
The orc warrior misses you.
The wight hits you with a +3 morningstar.
* * * LOW HITPOINT WARNING * * *
You can no longer pass through a line of other dancers.
The wight attacks as you move away! The wight closely misses you.
The wight attacks as you move away!
The wight hits you with a +3 morningstar!
* * * LOW HITPOINT WARNING * * *
The orc warrior attacks as you move away!
The orc warrior hits you with a +0 dire flail.
You die...

.#######.#.#.#..#............##.#
.####.#..#...#..#.........#......
##.#...#...#.#..##.#....#.#.....#
.....#...#.........#..###.#......
##.#...#...#.#.##.##..###...##..#
.####.#..#...#.##.##..#.+...##..#
....####.#.#.#.[......#.#........
.#### ####.[#.#.z....#.........#
...# ####..@o.>...........## .#.#
#.......#....#....## .#.#
#########....#...... ##.# ######
#....#'#.... ...# #....#
###.....#### #### #....# #.....#
#....# ##....# #....# #....#
####....# #....#


You could see an orc warrior and a wight.

Vanquished Creatures
  A wyvern (D:7)
  A steam dragon (D:7)
  3 water moccasins (D:6)
  2 black bears
  2 sky beasts (D:7)
  An orc warrior (D:7)
  2 centaurs
  An ogre (D:6)
  An elf zombie (Ossuary)
  3 phantoms
  4 bullfrogs (D:7)
  2 kobold brigands
  2 necrophages (D:6)
  2 scorpions
  5 wights
  3 killer bees
  3 hounds
  An orc priest (D:3)
  3 iguanas
  2 orc wizards
  3 mummies
  A gnoll (D:7)
  4 river rats (Sewer)
  18 adders
  2 shadow imps
  2 white imps
  An ufetubus (D:7)
  4 worms
  5 dart slugs
  22 orcs
  13 ball pythons
  11 bats
  5 endoplasms
  5 giant cockroaches
  4 gnoll zombies (Ossuary)
  8 hobgoblins
  5 jackals
  7 quokkas
  3 frilled lizards
  8 goblins
  A goblin zombie (Ossuary)
  7 hobgoblin zombies
  9 kobolds
  2 kobold zombies (D:5)
  3 orc zombies
  3 rats
200 creatures vanquished.

Notes
Turn   | Place    | Note
-------+----------+-------------------------------------------
     0 | D:1      | pperowp the Draconian Gladiator began the quest for the
                  | Orb.
     0 | D:1      | Reached XP level 1. HP: 17/17 MP: 1/1
   270 | D:1      | Reached XP level 2. HP: 25/25 MP: 2/2
   976 | D:2      | Reached XP level 3. HP: 30/30 MP: 3/3
  1195 | D:2      | Found a hide-covered altar of Uskayaw.
  1234 | D:2      | Became a worshipper of Uskayaw the Reveller
  1638 | D:2      | Reached skill level 4 in Axes
  1744 | D:2      | Reached * piety under Uskayaw
  1937 | D:3      | Reached ** piety under Uskayaw
  2055 | D:3      | Reached XP level 4. HP: 38/38 MP: 4/4
  2395 | D:3      | Found an ancient bone altar of Kikubaaqudgha.
  2762 | D:4      | Found Ganaetoe's Distillery.
  2767 | D:4      | Bought a potion of curing for 42 gold pieces
  2794 | D:4      | Found Ostruwk's Magic Scroll Shop.
  2806 | D:4      | Bought a scroll of teleportation for 30 gold pieces
  2806 | D:4      | Bought a scroll of identify for 20 gold pieces
  3068 | D:3      | Reached XP level 5. HP: 39/45 MP: 5/5
  3158 | D:4      | Found Junicu's Antique Armour Shoppe.
  3187 | D:4      | Reached skill level 5 in Axes
  4094 | D:4      | Noticed a black bear
  4107 | D:4      | Reached *** piety under Uskayaw
  4108 | D:4      | Killed a black bear
  4109 | D:4      | Reached XP level 6. HP: 39/53 MP: 6/6
  4315 | D:5      | Entered Level 5 of the Dungeon
  4395 | D:5      | Reached skill level 6 in Axes
  4397 | D:5      | Identified the ring of Qelaiduuti {Fire rElec rPois rN+
                  | SInv}
  4890 | D:5      | Found a burning altar of Makhleb.
  4957 | D:5      | Reached skill level 5 in Fighting
  4957 | D:5      | Your scales start taking on a fiery red colour.
  4957 | D:5      | Reached XP level 7. HP: 61/61 MP: 7/7
  4957 | D:5      | Gained mutation: Your flesh is heat resistant. (rF+) [Red
                  | Draconian growth]
  5154 | D:5      | Found a glowing golden altar of the Shining One.
  5376 | D:6      | Found Empuogh's Assorted Antiques.
  5388 | D:6      | Reached skill level 7 in Axes
  5466 | D:6      | Reached **** piety under Uskayaw
  5470 | D:6      | Reached skill level 8 in Axes
  5470 | D:6      | Found a sand-covered staircase.
  5479 | Ossuary  | Entered an ossuary
  5629 | Ossuary  | Reached XP level 8. HP: 63/70 MP: 8/8
  5798 | D:6      | Found Feques Hayl's Serpentskin Sales.
  5808 | D:6      | Reached skill level 9 in Axes
  5938 | D:6      | Found a glowing drain.
  5961 | Sewer    | Entered a sewer
  7362 | D:6      | Reached skill level 10 in Axes
  7381 | D:6      | Reached XP level 9. HP: 62/79 MP: 9/9
  8485 | D:7      | HP: 1/81 [orc warrior/+0 mace (11)]
  9086 | D:7      | Reached skill level 11 in Axes
  9493 | D:7      | Found a staircase to the Ecumenical Temple.
  9499 | Temple   | Entered the Ecumenical Temple
  9499 | Temple   | Found a transporter.
  9499 | Temple   | Found a transporter.
  9501 | Temple   | Found a transporter.
  9501 | Temple   | Found a transporter.
  9716 | D:7      | HP: 1/80 [wight/+3 morningstar (17)]
  9717 | D:7      | Slain by an orc warrior

Illustrated notes

Levels and vault maps discovered:
D:1:      matt_arrival_refuge, layout_rooms
D:2:      layout_loops_corners, basic_altar, hangedman_decor_peaks_small,
          minmay_misc_feat_alley, guppyfry_early_orc_mine
D:3:      layout_loops_ring, nicolae_kikubaaqudgha_miasma_corner
D:4:      layout_loops_ring, serial_shops, kennysheep_little_box,
          nicolae_lakefront_shop, nicolae_inconvenience_store
D:5:      layout_basic, bloody_makhleb, kennysheep_mini_moat,
          minmay_mini_ossuary
D:6:      layout_rooms, cheibrodos_sewer_entry_bend,
          nicolae_ossuary_entry_monument, serial_shops, nicolae_stop_n_shop_2,
          guppyfry_shop_venom
D:7:      minmay_spotlight, layout_basic, minmay_temple_entry_fiery
D:8:      layout_cave_pools, grunt_decor_fettered
Temple:   hellmonk_temple_divided_pantheon

Skill      XL: |  1  2  3  4  5  6  7  8  9 |
---------------+----------------------------+-----
Axes           | 4 5 6 8 10 11 | 11.2
Fighting       | 3 4 5 6 7 8 |  8.6
Dodging        | 3 4 |  4.4
Throwing       | |  1.9

Action                   |  1- 3 |  4- 6 |  7- 9 || total
-------------------------+-------+-------+-------++-------
Melee: War axe           |    95 |   191 |   429 ||   715
       Tailslap          |     7 |    22 |    60 ||    89
       Punch             |     2 |     2 |     2 ||     6
Throw: Throwing net      |       |     1 |       ||     1
       Dart              |       |       |     5 ||     5
 Abil: Breathe Fire      |       |       |     2 ||     2
  Use: Scroll            |       |     2 |     6 ||     8
       Potion            |       |       |     4 ||     4
 Stab: Sleeping          |     1 |     6 |     1 ||     8
       Paralysed         |       |     1 |    15 ||    16
       Held in net/web   |       |     1 |       ||     1
       Distracted        |       |       |     1 ||     1
Armor: Skin              |    30 |    67 |   203 ||   300
Dodge: Dodged            |    68 |   111 |   348 ||   527
